 Dungeon Crawl Stone Soup version 0.29-a0-330-g52719c12eb (webtiles) character file.

Game seed: 9054973824937218628

56 Miritol the Bolt Thrower (level 3, -1/21 HPs)
             Began as a Tengu Hunter on May 9, 2022.
             Slain by a hobgoblin (4 damage)
             ... on level 2 of the Dungeon.
             The game lasted 00:02:17 (1187 turns).

Miritol the Bolt Thrower (Tengu Hunter)             Turns: 1187, Time: 00:02:18

Health: -1/21      AC:  7    Str: 10 (13) XL:     3   Next: 97%
Magic:  0/4        EV:  9    Int:  9      God:
Gold:   83         SH:  0    Dex: 12 (17) Spells: 2/2 levels left

rFire   . . .      SeeInvis .   a - +1 hand crossbow
rCold   . . .      Faith    .   (no shield)
rNeg    . . .      Spirit   +   k - +0 scale mail
rPois   .          Reflect  .   (helmet restricted)
rElec   .          Harm     .   (no cloak)
rCorr   .          Rampage  .   j - +0 pair of gloves
Will    .....                   (boots unavailable)
Stlth   ..........              i - amulet of guardian spirit
HPRegen 0.07/turn               (no ring)
MPRegen 0.09/turn               (no ring)

@: very slow
A: beak, talons 3
a: no special abilities


You were on level 2 of the Dungeon.
You visited 1 branch of the dungeon, and saw 2 of its levels.

You collected 83 gold pieces.

Inventory:

Hand Weapons
 a - a +1 hand crossbow (weapon)
Missiles
 d - 3 silver javelins
Armour
 j - a +0 pair of gloves (worn)
 k - a +0 scale mail (worn)
Jewellery
 i - an amulet of guardian spirit (around neck)
 n - a +4 ring of evasion
Scrolls
 b - 2 scrolls of identify {unknown}
 c - a scroll of immolation
 e - 3 scrolls of fear {unknown}
 f - a scroll of noise {unknown}
 g - a scroll of teleportation {unknown}
 m - a scroll of blinking {unknown}
Potions
 h - a potion of invisibility {unknown}
 l - a potion of heal wounds {unknown}
 o - a potion of berserk rage {unknown}
 p - a potion of attraction {unknown}


   Skills:
 - Level 2.0 Fighting
 + Level 5.2 Crossbows
 + Level 2.5 Armour
 - Level 2.1 Dodging
 - Level 1.0 Stealth


You had 2 spell levels left.
You didn't know any spells.
Your spell library contained the following spells:

 Spells                   Type           Power      Damage    Failure   Level
 Animate Skeleton         Necr           0%         N/A       95%         1
 Apportation              Tloc           0%         N/A       95%         1
 Slow                     Hex            0%         N/A       95%         1
 Summon Small Mammal      Summ           0%         N/A       95%         1
 Confusing Touch          Hex            0%         N/A       100%        3
 Stone Arrow              Conj/Erth      0%         3d7       100%        3
 Vampiric Draining        Necr           0%         2d6       100%        3
 Animate Armour           Summ/Erth      0%         N/A       100%        4
 Lehudib's Crystal Spear  Conj/Erth      0%         10d2      100%        8


Dungeon Overview and Level Annotations

Branches:
Dungeon (2/15)

Altars:
Cheibriados


Innate Abilities, Weirdness & Mutations

You have a beak for a mouth.
You have claws for feet.


Message History

Press: ? - help, Q - select action, (/) - cycle Shift-Dir - straight line, f/p - hobgoblin
Aim: a hobgoblin, wielding a +0 hunting sling (moderately wounded, 63% to hit)
You shoot a bolt. The bolt closely misses the hobgoblin.
Shoot: a) +1 hand crossbow
Press: ? - help, Q - select action, (/) - cycle Shift-Dir - straight line, f/p - hobgoblin
Aim: a hobgoblin, wielding a +0 hunting sling (moderately wounded, 63% to hit)
You shoot a bolt.
The bolt hits the hobgoblin but does no damage.
The hobgoblin is moderately wounded.
The hobgoblin shoots a sling bullet.
The sling bullet barely misses you.
Shoot: a) +1 hand crossbow
Press: ? - help, Q - select action, (/) - cycle Shift-Dir - straight line, f/p - hobgoblin
Aim: a hobgoblin, wielding a +0 hunting sling (moderately wounded, 63% to hit)
You shoot a bolt. The bolt closely misses the hobgoblin.
Shoot: a) +1 hand crossbow
Press: ? - help, Q - select action, (/) - cycle Shift-Dir - straight line, f/p - hobgoblin
Aim: a hobgoblin, wielding a +0 hunting sling (moderately wounded, 63% to hit)
You shoot a bolt. The bolt barely misses the hobgoblin.
The hobgoblin unwields a +0 hunting sling.
The hobgoblin hits you.
* * * LOW HITPOINT WARNING * * *
Shoot: a) +1 hand crossbow
Press: ? - help, Q - select action, (/) - cycle Shift-Dir - straight line, f/p - hobgoblin
Aim: a hobgoblin (moderately wounded, 63% to hit)
You shoot a bolt. The bolt closely misses the hobgoblin.
The hobgoblin hits you but does no damage.
The hobgoblin barely misses you.
Shoot: a) +1 hand crossbow
Press: ? - help, Q - select action, (/) - cycle Shift-Dir - straight line, f/p - hobgoblin
Aim: a hobgoblin (moderately wounded, 63% to hit)
You shoot a bolt. The bolt hits the hobgoblin.
The hobgoblin is almost dead.
The hobgoblin closely misses you. The hobgoblin hits you.
* * * LOW HITPOINT WARNING * * *
Shoot: a) +1 hand crossbow
Press: ? - help, Q - select action, (/) - cycle Shift-Dir - straight line, f/p - hobgoblin
Aim: a hobgoblin (almost dead, 63% to hit)
You shoot a bolt. The bolt closely misses the hobgoblin.
The hobgoblin hits you.
You die...

#### #.# .....##.#
##...##.######
...>..........
#............ .
##..##.###†.# #.....
#####.##.# #..#
##...#####...#.##.# #..#
##.....g@...#......#
#..# .....####....#<####
#..# #.#..# #.#.##.#
#... ##.#..##
#.#.##.######.##
#......###.#.##..<.....#
#............###########
.###.....####.###
.........####.#
..............#


You could see a hobgoblin.

Vanquished Creatures
  2 adders (D:2)
  A worm (D:2)
  A dart slug (D:2)
  3 ball pythons
  3 endoplasms
  A giant cockroach (D:1)
  4 goblins
  5 hobgoblins
  3 jackals
  3 quokkas
  2 bats (D:1)
  A frilled lizard (D:1)
  A rat (D:1)
30 creatures vanquished.

Notes
Turn   | Place    | Note
-------+----------+-------------------------------------------
     0 | D:1      | Miritol the Tengu Hunter began the quest for the Orb.
     0 | D:1      | Reached XP level 1. HP: 12/12 MP: 2/2
   114 | D:1      | Reached skill level 1 in Armour
   114 | D:1      | Reached XP level 2. HP: 17/17 MP: 3/3
   638 | D:1      | Found a faded altar of an unknown god.
   641 | D:1      | Prayed at the altar of an unknown god.
   641 | D:1      | Became a worshipper of Cheibriados the Contemplative
   641 | D:1      | Reached * piety under Cheibriados
   642 | D:1      | Fell from the grace of Cheibriados
   680 | D:2      | Reached XP level 3. HP: 21/21 MP: 4/4
   734 | D:2      | Reached skill level 5 in Crossbows
  1187 | D:2      | Slain by a hobgoblin

Illustrated notes

Levels and vault maps discovered:
D:1:      dpeg_arrival_simpleton_c, layout_basic,
          shapermc_ecumenical_altar_mp_vishouse, nrook_campfire,
          minmay_pentomino_s2
D:2:      layout_loops_corners, kennysheep_generic_room_11

Skill      XL: |  1  2  3 |
---------------+----------+-----
Armour         | 1 2 |  2.5
Crossbows      | 5 |  5.2
Fighting       | |  2.0
Dodging        | |  2.1
Stealth        | |  1.0

Action                   || total
-------------------------++-------
 Fire: Hand crossbow     ||    90
Invok: Renounce Religion ||     1
Armor: Scale mail        ||    26
Dodge: Dodged            ||    20

Table legend: (Time is in decaauts)
 A = Elapsed time spent in this place.
 B = Non-inter-level travel time spent in this place.
 C = Inter-level travel time spent in this place.
 D = Time resting spent in this place.
 E = Time spent auto-exploring this place.
 F = Levels seen in this place.
 G = Mean time per level.
                   A        B        C        D        E       F      G
               +--------+--------+--------+--------+--------+-----+--------+
         Total |   1390 |   1350 |     40 |      0 |   1124 |   2 |  695.0 |
       Dungeon |   1390 |   1350 |     40 |      0 |   1124 |   2 |  695.0 |
               +--------+--------+--------+--------+--------+-----+--------+

Top non-repeatable levels by time:
     D:2: 704 daAuts
     D:1: 686 daAuts
